 Dungeon Crawl Stone Soup version 0.21.1-1-g345015f (webtiles) character file.

14 Kandryn the Digger (level 2, -3/19 (20) HPs)
             Began as a Ghoul Earth Elementalist on June 20, 2018.
             Slain by a gnoll (4 damage)
             ... on level 1 of the Dungeon.
             The game lasted 00:06:19 (471 turns).

Kandryn the Digger (Ghoul Earth Elementalist)        Turns: 471, Time: 00:06:20

HP:   -3/19 (20)    AC:  2    Str: 11    XL:     2   Next: 45%
MP:   0/4           EV:  9    Int: 10    God:
Gold: 0             SH:  0    Dex:  9    Spells: 4/5 levels left

rFire    . . .     SeeInvis .   (no weapon)
rCold    + . .     Gourm    .   (no shield)
rNeg     + + +     Faith    .   c - +0 robe
rPois    ∞         Spirit   .   (no helmet)
rElec    .         Reflect  .   (no cloak)
rCorr    .         Harm     .   (no gloves)
MR       .....                  (no boots)
Stlth    ++........             g - amulet of inaccuracy (curse)
HPRegen  0.00/turn              a - -3 ring of evasion (curse)
MPRegen  0.09/turn              (no ring)

@: rotting
A: rotting body, claws 1, carnivore, cold resistance 1, negative energy
resistance 3, inhibited regeneration, torment resistance, unbreathing
a: no special abilities


You were on level 1 of the Dungeon.
You were not hungry.

You visited 1 branch of the dungeon, and saw 1 of its levels.

Inventory:

Missiles
 b - 32 stones (quivered)
Armour
 c - a +0 robe (worn)
Jewellery
 a - a cursed -3 ring of evasion (left claw)
 g - a cursed amulet of inaccuracy (around neck)
Books
 e - a book of Geomancy

   Spells                             Type                      Level
   a - Sandblast                      Earth                        1
   b - Passwall                       Transmutation/Earth          2
   c - Stone Arrow                    Conjuration/Earth            3
   d - Petrify                        Transmutation/Earth          4
   e - Lee's Rapid Deconstruction     Earth                        5
Comestibles
 d - a ration
 f - a chunk of flesh


   Skills:
 + Level 1.8 Dodging
 + Level 2.3 Stealth
 + Level 2.1 Spellcasting
   Level 0.8 Transmutations
 + Level 3.7 Earth Magic


You had 4 spell levels left.
You knew the following spells:

 Your Spells              Type           Power        Failure   Level  Hunger
a - Sandblast             Erth           #.....       7%          1    ##.....


Dungeon Overview and Level Annotations

Branches:
Dungeon (1/15)

Altars:


Innate Abilities, Weirdness & Mutations

Your body is rotting away.
You thrive on raw meat.
You are immune to poison.
You have sharp fingernails.
You are carnivorous and can eat meat at any time.
Your flesh is cold resistant. (rC+)
You are immune to negative energy. (rN+++)
You do not regenerate when monsters are visible.
You are immune to unholy pain and torment.
You can survive without breathing.


Message History

Press: ? - help, Shift-Dir - straight line, f/p - gnoll
Aim: a gnoll (heavily wounded)
The blast of sand hits the gnoll.
The gnoll is severely wounded.
b - 33 stones The gnoll hits you.
* * * LOW HITPOINT WARNING * * *
You feel your flesh rotting away.
Casting: Sandblast
Confirm with . or Enter, or press ? or * to list all spells.
Aiming: Sandblast
Press: ? - help, Shift-Dir - straight line, f/p - gnoll
Aim: a gnoll (severely wounded)
The blast of sand misses the gnoll.
b - 32 stones The gnoll hits you.
* * * LOW HITPOINT WARNING * * *
Unknown command.
The gnoll hits you.
You die...

#####..........#.###.###
...............†........
........................
######.#####.....###.###
#.#####.........#
#...............### ##
≈P #..................
.. ♣≈ #.).......g.######
#. ♣≈ ##'#####....@#
#.≈♣≈ #...########.#
###.♣♣ #...'..........
....≈
#####...############
########.#.
....'...'.......
.......(..
#####...########
####.#.#.##. #...#
#........... #...#
#........### #...#
#.......####


You could see a gnoll.

Vanquished Creatures
  A dart slug (D:1)
  A goblin (D:1)
  2 hobgoblins (D:1)
  A bat (D:1)
  5 kobolds (D:1)
  A rat (D:1)
11 creatures vanquished.

Notes
Turn   | Place    | Note
-------+----------+-------------------------------------------
     0 | D:1      | Kandryn the Ghoul Earth Elementalist began the quest for the Orb.
     0 | D:1      | Reached XP level 1. HP: 14/14 MP: 2/2
   160 | D:1      | Reached XP level 2. HP: 15/20 MP: 0/3
   471 | D:1      | Slain by a gnoll

Skill      XL: |  1  2 |
---------------+-------+-----
Spellcasting   | 2 |  2.1
Dodging        | |  1.8
Stealth        | |  2.3
Transmutations | |  0.8
Earth Magic    | |  3.7

Action                   || total
-------------------------++-------
Melee: Unarmed           ||    11
 Cast: Sandblast         ||    22
  Eat: Chunk             ||    15
Dodge: Dodged            ||     4
